 Dungeon Crawl Stone Soup version 0.25-a0-696-g42a9e46d90 (webtiles) character file.

Game seed: 15980854016832707666, levelgen mode: deterministic

880 Glundar the Protected (level 8, -11/60 HPs)
             Began as a Gnoll Wanderer on Mar 31, 2020.
             Was an Initiate of Okawaru.
             Mangled by a two-headed ogre
             ... wielding a +0 giant club
              (25 damage)
             ... on level 6 of the Dungeon.
             The game lasted 00:22:56 (6127 turns).

Glundar the Protected (Gnoll Wanderer)              Turns: 6127, Time: 00:22:57

Health: -11/60     AC: 11    Str: 25    XL:     8   Next: 5%
Magic:  12/12      EV: 11    Int: 15    God:    Okawaru [......]
Gold:   300        SH:  0    Dex: 12    Spells: 12/12 levels left

rFire    . . .     SeeInvis .   F - +12 glaive of Prune {vorpal}
rCold    . . .     Gourm    .   (shield currently unavailable)
rNeg     . . .     Faith    .   D - +0 scale mail
rPois    +         Spirit   .   (no helmet)
rElec    .         Reflect  .   (no cloak)
rCorr    .         Harm     .   (no gloves)
MR       .....                  E - +2 pair of boots
Stlth    +.........             (no amulet)
HPRegen  0.20/turn              r - +6 ring of strength
MPRegen  0.13/turn              C - ring of poison resistance

@: no status effects
A: distributed training, fangs 1, strong nose
a: Renounce Religion


You were on level 6 of the Dungeon.
You worshipped Okawaru.
Okawaru was noncommittal.
You were not hungry.

You visited 2 branches of the dungeon, and saw 7 of its levels.

You collected 300 gold pieces.

Inventory:

Hand Weapons
 a - the +6 trident of the Magi {vorpal, rPois MR+ Int+2 SInv}
   (You found it on level 4 of the Dungeon)

   It inflicts extra damage upon your enemies.
   It affects your intelligence (+2).
   It protects you from poison.
   It affects your resistance to hostile enchantments.
   It lets you see invisible.
 b - a +1 hunting sling
 i - a +2 hand axe
 m - a +0 mace
 z - a +3 dagger of venom
 F - the +12 glaive of Prune (weapon) {vorpal}
   (You found it on level 5 of the Dungeon)

   It inflicts extra damage upon your enemies.
Missiles
 d - 21 poisoned darts
 k - 99 stones (quivered)
Armour
 D - a +0 scale mail (worn)
 E - a +2 pair of boots (worn)
Jewellery
 r - a +6 ring of strength (left hand)
 C - a ring of poison resistance (right hand)
Wands
 c - a wand of random effects (15)
 q - a wand of iceblast (6)
 B - a wand of acid (8)
Scrolls
 e - a scroll of identify
 g - 2 scrolls of teleportation
 j - a scroll of fear {unknown}
Potions
 h - 3 potions of lignification
 l - 2 potions of ambrosia
 n - a potion of heal wounds
 o - a potion of mutation {unknown}
 p - a potion of magic
 t - 2 potions of degeneration
 u - 2 potions of curing
 v - 3 potions of might
 x - a potion of brilliance
 G - a potion of flight
 J - a potion of berserk rage {unknown}
Comestibles
 f - 11 rations
 H - 9 chunks of flesh


   Skills:
 + Level 3.9 Fighting
 + Level 2.8 Short Blades
 + Level 2.8 Long Blades
 + Level 7.2 Axes
 + Level 2.8 Maces & Flails
 + Level 2.8 Polearms
 + Level 2.8 Staves
 + Level 2.8 Slings
 + Level 2.8 Bows
 + Level 2.8 Crossbows
 + Level 2.8 Throwing
 + Level 9.0 Armour
 + Level 2.8 Dodging
 + Level 2.8 Stealth
 + Level 2.8 Shields
 + Level 2.8 Unarmed Combat
 + Level 2.8 Spellcasting
 + Level 2.3 Conjurations
 + Level 2.3 Hexes
 + Level 2.3 Charms
 + Level 2.3 Summonings
 + Level 2.3 Necromancy
 + Level 2.3 Translocations
 + Level 2.3 Transmutations
 + Level 2.3 Fire Magic
 + Level 2.3 Ice Magic
 + Level 2.3 Air Magic
 + Level 2.3 Earth Magic
 + Level 2.3 Poison Magic
 + Level 3.1 Invocations
 + Level 5.4 Evocations


You had 12 spell levels left.
You didn't know any spells.
Your spell library contained the following spells:

 Spells                   Type           Power        Failure   Level  Hunger
 Animate Skeleton         Necr           N/A          16%         1    #......
 Apportation              Tloc           #.....       16%         1    #......
 Corona                   Hex            #......      16%         1    #......
 Summon Small Mammal      Summ           #...         16%         1    #......
 Ensorcelled Hibernation  Hex/Ice        #.....       24%         2    ##.....
 Confusing Touch          Hex            #.......     43%         3    ###....
 Dazzling Flash           Conj/Hex       #.....       43%         3    ###....
 Tukima's Dance           Hex            #.......     43%         3    ###....


Dungeon Overview and Level Annotations

Branches:
Dungeon (6/15)             Temple (1/1) D:4

Altars:
Ashenzari
Cheibriados
Dithmenos
Elyvilon
Fedhas
Gozag
Kikubaaqudgha
Makhleb
Nemelex Xobeh
Okawaru
Qazlal
Ru
Trog
Wu Jian
Xom
Yredelemnul
Zin
The Shining One


Innate Abilities, Weirdness & Mutations

Your experience applies equally to all skills.
You have very sharp teeth.
Your uncanny sense of smell can sniff out nearby items.


Message History

You see here an adder corpse.
The two-headed ogre shouts in stereo!
You slash the adder!
You kill the adder!
Okawaru accepts your kill.
You slice the two-headed ogre!!
The two-headed ogre is heavily wounded.
The two-headed ogre hits you with a +0 giant club!
The two-headed ogre hits you with a +0 giant spiked club!!
You are too injured to fight recklessly!
You slash the two-headed ogre! Your bite misses the two-headed ogre.
The two-headed ogre is severely wounded.
The two-headed ogre hits you with a +0 giant club!
* * * LOW HITPOINT WARNING * * *
The two-headed ogre barely misses you.
You completely miss the two-headed ogre.
You bite the two-headed ogre.
The two-headed ogre is almost dead.
The two-headed ogre hits you with a +0 giant club!!
You die...

∆ #........
#........ #
#........ #
#........ # .. #.
......... # #.##.
#........ ####
#..#.####........
...#
#........@O......
##.#
#........########
#.# #......†.#
#.# #........#
#.# #........#
#.# #........#
#.# #...>....#
#.# ####.#####
#.# #.#


You could see a two-headed ogre.

Vanquished Creatures
  2 centaurs
  An ogre (D:6)
  A howler monkey (D:4)
  2 crimson imps
  A bullfrog zombie (D:5)
  4 hounds
  2 orc wizards (D:4)
  An iguana (D:2)
  2 worker ants (D:4)
  A worker ant zombie (D:5)
  A howler monkey skeleton (D:5)
  11 adders
  A shadow imp (D:5)
  An ooze (D:1)
  An adder zombie (D:5)
  2 adder skeletons (D:4)
  4 worms
  4 leopard geckos
  9 orcs
  2 ball pythons
  10 bats
  5 giant cockroaches
  14 hobgoblins
  8 jackals
  5 quokkas
  4 frilled lizards
  6 goblins
  10 kobolds
  A quokka skeleton (D:4)
  5 rats
121 creatures vanquished.

Notes
Turn   | Place    | Note
-------+----------+-------------------------------------------
     0 | D:1      | Glundar the Gnoll Wanderer began the quest for the Orb.
     0 | D:1      | Glundar set off with the following items: a +2 hand axe, a
                  | +0 mace, a wand of random effects (15), a +0 robe, a ration
     0 | D:1      | Reached XP level 1. HP: 17/17 MP: 3/3
   503 | D:1      | Reached XP level 2. HP: 6/23 MP: 5/5
  1466 | D:2      | Reached XP level 3. HP: 15/28 MP: 6/6
  1729 | D:2      | Reached skill level 1 in Invocations
  1841 | D:2      | Reached skill level 1 in Short Blades
  1841 | D:2      | Reached skill level 1 in Long Blades
  1841 | D:2      | Reached skill level 1 in Maces & Flails
  1841 | D:2      | Reached skill level 1 in Polearms
  1841 | D:2      | Reached skill level 1 in Staves
  1841 | D:2      | Reached skill level 1 in Slings
  1841 | D:2      | Reached skill level 1 in Bows
  1841 | D:2      | Reached skill level 1 in Crossbows
  1841 | D:2      | Reached skill level 1 in Throwing
  1841 | D:2      | Reached skill level 1 in Dodging
  1841 | D:2      | Reached skill level 1 in Stealth
  1841 | D:2      | Reached skill level 1 in Shields
  1841 | D:2      | Reached skill level 1 in Unarmed Combat
  1841 | D:2      | Reached skill level 1 in Spellcasting
  1841 | D:2      | Reached XP level 4. HP: 22/34 MP: 7/7
  2262 | D:2      | Reached skill level 1 in Conjurations
  2262 | D:2      | Reached skill level 1 in Hexes
  2262 | D:2      | Reached skill level 1 in Charms
  2262 | D:2      | Reached skill level 1 in Summonings
  2262 | D:2      | Reached skill level 1 in Necromancy
  2262 | D:2      | Reached skill level 1 in Translocations
  2262 | D:2      | Reached skill level 1 in Transmutations
  2262 | D:2      | Reached skill level 1 in Fire Magic
  2262 | D:2      | Reached skill level 1 in Ice Magic
  2262 | D:2      | Reached skill level 1 in Air Magic
  2262 | D:2      | Reached skill level 1 in Earth Magic
  2262 | D:2      | Reached skill level 1 in Poison Magic
  2766 | D:3      | Reached XP level 5. HP: 40/40 MP: 8/8
  3874 | D:4      | Got a jewelled trident
  3875 | D:4      | Identified the +6 trident of the Magi {vorpal, rPois MR+
                  | Int+2 SInv} (You found it on level 4 of the Dungeon)
  3910 | D:4      | Found a sacrificial altar of Ru,
  4054 | D:4      | Reached XP level 6. HP: 47/47 MP: 9/9
  4171 | D:4      | Found a staircase to the Ecumenical Temple,
  4196 | Temple   | Entered the Ecumenical Temple
  4300 | Temple   | Became a worshipper of Warmaster Okawaru
  4363 | D:4      | Found an ancient bone altar of Kikubaaqudgha,
  4381 | D:4      | Reached skill level 5 in Evocations
  4817 | D:5      | Entered Level 5 of the Dungeon
  4891 | D:5      | HP: 2/47 [centaur/arrow (7)]
  4899 | D:5      | HP: 1/47 [adder zombie (3)]
  4900 | D:5      | Reached XP level 7. HP: 1/52 MP: 10/10
  5412 | D:5      | Found the +12 glaive of Prune {vorpal}
  5855 | D:6      | Reached skill level 9 in Armour
  6113 | D:6      | Reached XP level 8. HP: 56/60 MP: 12/12
  6121 | D:6      | Noticed a two-headed ogre
  6127 | D:6      | Mangled by a two-headed ogre

Levels and vault maps discovered:
D:1:      minmay_arrival_widening_spiral_wide, layout_basic
D:2:      layout_loops_cross, minmay_heptomino_d4
D:3:      minmay_inner_zag, layout_loops_ring
D:4:      layout_gridville, lemuel_round_altar, nicolae_ru_sacrificial_ziggurat,
          minmay_temple_entry_glass
D:5:      layout_loops_cross, first_ration
D:6:      layout_basic, uniq_sigmund
Temple:   compressed_dpeg_circular_temple

Skill      XL: |  1  2  3  4  5  6  7 |
---------------+----------------------+-----
Invocations    | 1 2 3 |  3.1
Short Blades   | 1 2 |  2.8
Long Blades    | 1 2 |  2.8
Maces & Flails | 1 2 |  2.8
Polearms       | 1 2 |  2.8
Staves         | 1 2 |  2.8
Slings         | 1 2 |  2.8
Bows           | 1 2 |  2.8
Crossbows      | 1 2 |  2.8
Throwing       | 1 2 |  2.8
Dodging        | 1 2 |  2.8
Stealth        | 1 2 |  2.8
Shields        | 1 2 |  2.8
Unarmed Combat | 1 2 |  2.8
Spellcasting   | 1 2 |  2.8
Conjurations   | 1 2 |  2.3
Hexes          | 1 2 |  2.3
Charms         | 1 2 |  2.3
Summonings     | 1 2 |  2.3
Necromancy     | 1 2 |  2.3
Translocations | 1 2 |  2.3
Transmutations | 1 2 |  2.3
Fire Magic     | 1 2 |  2.3
Ice Magic      | 1 2 |  2.3
Air Magic      | 1 2 |  2.3
Earth Magic    | 1 2 |  2.3
Poison Magic   | 1 2 |  2.3
Fighting       | 3 |  3.9
Evocations     | 5 |  5.4
Axes           | 7 |  7.2
Armour         | 9 |  9.0

Action                   |  1- 3 |  4- 6 |  7- 9 || total
-------------------------+-------+-------+-------++-------
Melee: Hand axe          |    10 |       |       ||    10
       Dagger            |    53 |    67 |       ||   120
       Bite              |     9 |    12 |     4 ||    25
       Trident           |       |    79 |    51 ||   130
       Glaive            |       |       |    15 ||    15
 Fire: Hunting sling     |    51 |    82 |       ||   133
  Use: Potion            |       |     3 |       ||     3
       Scroll            |       |       |    13 ||    13
  Eat: Chunk             |     3 |     9 |     4 ||    16
Armor: Robe              |    18 |       |       ||    18
       Ring mail         |     2 |    43 |       ||    45
       Scale mail        |       |    23 |    27 ||    50
Dodge: Dodged            |    33 |    76 |    28 ||   137
Block: Buckler           |     8 |    26 |     9 ||    43

Table legend:
 A = Non-vault XP
 B = Vault XP
 C = Vault XP percentage of total XP
 D = Non-vault monster count
 E = Vault monster count
 F = Vault count percentage of total count
                 A         B        C        D         E       F
            +---------+---------+-------+---------+---------+-------
      Total |    1234 |      24 |   1.9 |     113 |       8 |   6.6
            +---------+---------+-------+---------+---------+-------
        D:1 |      34 |       0 |   0.0 |      19 |       0 |   0.0
        D:2 |     101 |       3 |   2.9 |      21 |       3 |  12.5
        D:3 |      64 |      21 |  24.7 |      19 |       5 |  20.8
        D:4 |     354 |       0 |   0.0 |      28 |       0 |   0.0
        D:5 |     354 |       0 |   0.0 |      18 |       0 |   0.0
        D:6 |     327 |       0 |   0.0 |       8 |       0 |   0.0
            +---------+---------+-------+---------+---------+-------
